 Dungeon Crawl Stone Soup version 0.29.1-1-gd02db6906a (webtiles) character file.

Game seed: 11838257496969097710

78 hikkokomori the Digger (level 4, -1/24 HPs)
             Began as a Gargoyle Earth Elementalist on Oct 2, 2022.
             Slain by an orc priest
             ... wielding a +0 flail
              (5 damage)
             ... on level 3 of the Dungeon on Oct 4, 2022.
             The game lasted 00:06:56 (2246 turns).

hikkokomori the Digger (GrEE)                       Turns: 2246, Time: 00:06:56

Health: -1/24      AC:  6    Str: 11    XL:     4   Next: 36%
Magic:  1/7        EV: 12    Int: 18    God:
Gold:   103        SH:  0    Dex: 10    Spells: 7/8 levels left

rFire   . . .      SeeInvis .   o - +2 whip (freeze)
rCold   . . .      Faith    .   (no shield)
rNeg    + . .      Spirit   .   a - +0 robe
rPois   ∞          Reflect  .   g - +0 helmet
rElec   +          Harm     .   (no cloak)
rCorr   .          Rampage  .   (no gloves)
Will    .....                   (no boots)
Stlth   ++........              (no amulet)
HPRegen 0.08/turn               (no ring)
MPRegen 0.10/turn               (no ring)

@: no status effects
A: sickness immunity, AC +3, negative energy resistance 1, electricity
resistance, torment resistance 1, petrification resistance
a: no special abilities


You were on level 3 of the Dungeon.
You visited 1 branch of the dungeon, and saw 3 of its levels.

You collected 103 gold pieces.

Inventory:

Hand Weapons
 f - a +0 club
 h - a +0 short sword
 o - a +2 whip of freezing (weapon)
 p - a +0 morningstar
 q - a +0 falchion of electrocution
Missiles
 d - 16 stones
Armour
 a - a +0 robe (worn)
 g - a +0 helmet (worn)
Jewellery
 j - a ring of ice
Scrolls
 e - 4 scrolls of teleportation {unknown}
 l - 2 scrolls of identify {unknown}
 n - a scroll of immolation {unknown}
Potions
 b - a potion of magic
 c - 2 potions of might {unknown}
 k - 2 potions of curing
 m - a potion of mutation {unknown}


   Skills:
 + Level 0.3 Maces & Flails
 + Level 2.1 Dodging
 + Level 3.2 Stealth
 + Level 2.5 Spellcasting
 - Level 1.1 Transmutations
 + Level 4.2 Earth Magic


You had 7 spell levels left.
You knew the following spells:

 Your Spells              Type           Power      Damage    Failure   Level
a - Sandblast             Erth           34%        2d9       3%          1

Your spell library contained the following spells:

 Spells                   Type           Power      Damage    Failure   Level
 Passwall                 Tmut/Erth      9%         N/A       9%          2
 Stone Arrow              Conj/Erth      18%        3d8       22%         3
 Summon Guardian Golem    Hex/Summ       2%         N/A       45%         3
 Petrify                  Tmut/Erth      11%        N/A       50%         4
 Conjure Ball Lightning   Conj/Air       1%         3x3d6     100%        6
 Orb of Destruction       Conj           1%         9d5       100%        7
 Spellforged Servitor     Conj/Summ      1%         N/A       100%        7
 Discord                  Hex            1%         N/A       100%        8
 Disjunction              Tloc           1%         N/A       100%        8


Dungeon Overview and Level Annotations

Branches:
Dungeon (3/15)

Altars:
Trog
Uskayaw

Shops:
D:2 (


Innate Abilities, Weirdness & Mutations

You are immune to sickness and miasma.
Your stone body is resilient. (AC +3)
You are immune to poison.
You resist negative energy. (rN+)
You are resistant to electric shocks. (rElec)
You are resistant to unholy torment.
You are immune to petrification.


Message History

Unknown command.
Sorry, you're not good enough to have a special ability.
Unknown command.
Unknown command.
Casting: Sandblast (safe; 3% risk of failure)
Confirm with . or Enter, or press ? or * to list all spells.
Aiming: Sandblast (safe; 3% risk of failure)
Press: ? - help, Shift-Dir - straight line, f - orc priest
Aim: an orc priest, wielding a +0 flail and wearing a +0 leather armour (heavily wounded, 82% to hit)
The blast of sand misses the orc priest.
The orc priest closely misses you.
Unknown command.
Casting: Sandblast (safe; 3% risk of failure)
Confirm with . or Enter, or press ? or * to list all spells.
Aiming: Sandblast (safe; 3% risk of failure)
Press: ? - help, Shift-Dir - straight line, f/p - orc priest
Aim: an orc priest, wielding a +0 flail and wearing a +0 leather armour (heavily wounded, 82% to hit)
The blast of sand hits the orc priest.
The orc priest is severely wounded.
The orc priest hits you with a +0 flail.
* * * LOW HITPOINT WARNING * * *
The orc priest closely misses you.
Casting: Sandblast (safe; 3% risk of failure)
Confirm with . or Enter, or press ? or * to list all spells.
Aiming: Sandblast (safe; 3% risk of failure)
Press: ? - help, Shift-Dir - straight line, f/p - orc priest
Aim: an orc priest, wielding a +0 flail and wearing a +0 leather armour (severely wounded, 82% to hit)
The blast of sand hits the orc priest but does no damage.
The orc priest is severely wounded.
The rat barely misses you. The orc priest barely misses you.
Casting: Sandblast (safe; 3% risk of failure)
Confirm with . or Enter, or press ? or * to list all spells.
Aiming: Sandblast (safe; 3% risk of failure)
Press: ? - help, Shift-Dir - straight line, f/p - orc priest
Aim: an orc priest, wielding a +0 flail and wearing a +0 leather armour (severely wounded, 82% to hit)
The blast of sand hits the orc priest but does no damage.
The orc priest is severely wounded.
The rat closely misses you.
The orc priest hits you with a +0 flail.
You die...

.....^.../§!#
.......#...###
####.####......###
#†......#......)...
.###.......#.....#####
...#†......#.....#
......_†..w.....#
#.†...ro#.....#
#..††..@#.....#
..#.......#.....#
..####.####.....# #..
#.># ..#..... #.###.##
###+##+# #.##..#
#.##.## #.#..# ##...##


You could see a worm, an orc priest and a rat.

Vanquished Creatures
  A gnoll (D:2)
  An adder (D:2)
  A dart slug (D:1)
  6 orcs
  9 ball pythons
  5 endoplasms
  3 giant cockroaches (D:2)
  4 goblins
  3 hobgoblins (D:2)
  A quokka (D:1)
  3 bats
  A frilled lizard (D:2)
  4 kobolds (D:2)
  7 rats
49 creatures vanquished.

Notes
Turn   | Place    | Note
-------+----------+-------------------------------------------
     0 | D:1      | hikkokomori the Gargoyle Earth Elementalist began the quest
                  | for the Orb.
     0 | D:1      | Reached XP level 1. HP: 10/10 MP: 3/3
   156 | D:1      | Reached skill level 1 in Transmutations
   156 | D:1      | Reached XP level 2. HP: 15/15 MP: 5/5
   805 | D:1      | Found a faded altar of an unknown god.
  1254 | D:2      | Reached XP level 3. HP: 18/19 MP: 6/6
  1289 | D:2      | Reached skill level 4 in Earth Magic
  1617 | D:2      | Found a bloodstained altar of Trog.
  1747 | D:2      | Reached XP level 4. HP: 24/24 MP: 5/7
  1851 | D:2      | Found Sesonoq's Weapon Emporium.
  2213 | D:3      | Found a hide-covered altar of Uskayaw.
  2246 | D:3      | Slain by an orc priest

Illustrated notes

Levels and vault maps discovered:
D:1:      reono_arrival_forest_river, layout_loops_ring,
          hellmonk_ecumenical_altar_zigzags, dreamdust_mushroom_princess,
          minmay_strange_pillars
D:2:      layout_basic, serial_shops, shop, basic_altar, minmay_heptomino_h4
D:3:      layout_rooms, mainiacjoe_overflow_24_doors,
          mainiacjoe_overflow_boulevard, mainiacjoe_overflow_alcove_2,
          nicolae_uskayaw_murder_on_the_dancefloor

Skill      XL: |  1  2  3 |
---------------+----------+-----
Transmutations | 1 |  1.1
Dodging        | 2 |  2.1
Earth Magic    | 4 |  4.2
Stealth        | 3 |  3.2
Maces & Flails | |  0.3
Spellcasting   | |  2.5

Action                   |  1- 3 |  4- 6 || total
-------------------------+-------+-------++-------
Melee: Unarmed           |    10 |       ||    10
       Short sword       |    78 |       ||    78
       Club              |    12 |       ||    12
       Punch             |     2 |       ||     2
       Whip              |       |    11 ||    11
 Cast: Sandblast         |    19 |    18 ||    37
  Use: Scroll            |       |     1 ||     1
       Potion            |       |     1 ||     1
 Stab: Sleeping          |     2 |     3 ||     5
Armor: Robe              |    40 |     7 ||    47
Dodge: Dodged            |    91 |    22 ||   113
